 Dungeon Crawl Stone Soup version 0.29.1-15-g9cfb28693d (webtiles) character file.

Game seed: 10197575863347966068

330 ChiefBigBeans the Shooter (level 6, -8/79 HPs)
             Began as a Minotaur Hunter on Feb 23, 2023.
             Mangled by Edmund
             ... wielding a +5 flail of protection
              (12 damage)
             ... on level 4 of the Dungeon.
             The game lasted 00:10:18 (3703 turns).

ChiefBigBeans the Shooter (Minotaur Hunter)         Turns: 3703, Time: 00:10:18

Health: -8/79      AC: 23    Str: 18    XL:     6   Next: 26%
Magic:  5/5        EV:  2    Int:  6    God:
Gold:   191        SH:  0    Dex: 13    Spells: 5/5 levels left

rFire   . . .      SeeInvis .   r - +2 flail (holy)
rCold   . . .      Faith    .   (no shield)
rNeg    . . .      Spirit   .   (body armour currently unavailable)
rPois   +          Reflect  .   (helmet currently unavailable)
rElec   .          Harm     .   (cloak currently unavailable)
rCorr   .          Rampage  .   (gloves currently unavailable)
Will    .....      NoTele   +   (boots currently unavailable)
Stlth   ++........              (no amulet)
HPRegen 0.23/turn               (no ring)
MPRegen 0.09/turn               (no ring)

@: tree-form
A: stationary, stasis, torment immunity, boosted hp, (horns 2), (retaliatory
headbutt)
a: no special abilities


You were on level 4 of the Dungeon.
You were a tree.
You visited 1 branch of the dungeon, and saw 4 of its levels.

You collected 191 gold pieces.

Inventory:

Hand Weapons
 a - a +1 shortbow
 r - a +2 flail of holy wrath (weapon)
Missiles
 o - a throwing net
Armour
 c - a +0 leather armour
 d - a +0 leather armour
 p - a +0 ring mail (melded)
Magical Staves
 i - a staff of air
Jewellery
 g - a ring of willpower
Scrolls
 b - a scroll of immolation
 j - a scroll of fear
 m - 4 scrolls of butterflies
 s - a scroll of identify
Potions
 e - 2 potions of degeneration
 f - a potion of attraction {unknown}
 h - a potion of magic {unknown}


   Skills:
 + Level 4.5 Fighting
 + Level 0.0 Maces & Flails
 + Level 5.6 Ranged Weapons
 + Level 3.4 Armour
 - Level 4.0 Dodging
 - Level 1.0 Stealth


You had 5 spell levels left.
You didn't know any spells.
Your spell library contained the following spells:

 Spells                   Type           Power      Damage    Failure   Level
 Beastly Appendage        Tmut           0%         N/A       45%         1
 Wereblood                Tmut           0%         N/A       58%         2
 Spider Form              Tmut/Pois      0%         N/A       83%         3
 Fireball                 Conj/Fire      0%         3d3       100%        5
 Iskenderun's Battlesphe  Conj           0%         2d6       100%        5
 Conjure Ball Lightning   Conj/Air       0%         3x3d6     100%        6
 Orb of Destruction       Conj           0%         9d5       100%        7


Dungeon Overview and Level Annotations

Branches:
Dungeon (4/15)
 Temple: D:4-7

Altars:
Cheibriados
Gozag
The Shining One

Shops:
D:4 [

Annotations:
D:4 Edmund


Innate Abilities, Weirdness & Mutations

You are a tree.
Your roots penetrate the ground, keeping you stationary.
You cannot be teleported.
You are immune to unholy pain and torment.
Your maximum health is greatly increased.
Your equipment is partially melded.
((You have a pair of horns on your head.))
((You reflexively headbutt those who attack you in melee.))


Message History

Your +0 shortbow glows red for a moment.
Edmund hits you with a +5 flail of protection.
* * * LOW HITPOINT WARNING * * *
You feel much better.
Edmund hits you with a +5 flail of protection.
* * * LOW HITPOINT WARNING * * *
You feel much better. Edmund barely misses you.
It was a potion of curing.
You feel better.
Edmund hits you with a +5 flail of protection!
It was a potion of lignification.
You turn into a tree.
Your +0 ring mail melds into your body.
Your roots penetrate the ground.
Edmund hits you with a +5 flail of protection.
Edmund says, "People will remember me!
They'll remember me and die!"
Edmund hits you but does no damage. Edmund hits you but does no damage.
Edmund hits you with a +5 flail of protection.
Edmund hits you with a +5 flail of protection.
Edmund hits you but does no damage. Edmund hits you but does no damage.
Edmund hits you but does no damage.
Edmund hits you with a +5 flail of protection!
* * * LOW HITPOINT WARNING * * *
Edmund hits you but does no damage. Edmund hits you but does no damage.
Edmund hits you but does no damage. Edmund hits you but does no damage.
Edmund hits you with a +5 flail of protection.
* * * LOW HITPOINT WARNING * * *
Edmund hits you with a +5 flail of protection.
* * * LOW HITPOINT WARNING * * *
Edmund hits you with a +5 flail of protection.
* * * LOW HITPOINT WARNING * * *
Edmund barely misses you. Edmund hits you but does no damage.
Edmund hits you with a +5 flail of protection!
* * * LOW HITPOINT WARNING * * *
Edmund hits you with a +5 flail of protection.
* * * LOW HITPOINT WARNING * * *
Edmund hits you with a +5 flail of protection!
You die...

.# #.##.#.##†#.#.##...8.∩.8..#
.# #..##.#.##.#.#####.##<#...#
.# #..###.#.##.### ##.##8#...#
.# #..# ##.#.###.###...#.#.n.#
.####..# ##...#..##>.....#@..#
.......# ##.##..............#
######.######.....##.....##.#.#
#..................<.....#
########.#.♣@####...........
#.##..# ######.##### #.....#
#.# ####.## #.# #.. ..# ### ###


You could see Edmund.

Vanquished Creatures
  A necrophage (D:4)
  A scorpion (D:4)
  A jelly (D:4)
  An iguana (D:4)
  3 gnolls (D:3)
  5 adders
  A worm (D:3)
  A dart slug (D:4)
  11 orcs
  2 ball pythons (D:4)
  8 bats
  5 endoplasms
  5 giant cockroaches
  5 goblins
  4 hobgoblins
  3 jackals (D:1)
  2 quokkas
  A frilled lizard (D:1)
  6 kobolds
  3 rats (D:1)
69 creatures vanquished.

Notes
Turn   | Place    | Note
-------+----------+-------------------------------------------
     0 | D:1      | ChiefBigBeans the Minotaur Hunter began the quest for the
                  | Orb.
     0 | D:1      | Reached XP level 1. HP: 18/18 MP: 0/0
    31 | D:1      | Reached skill level 1 in Stealth
   108 | D:1      | Reached XP level 2. HP: 25/25 MP: 1/1
   507 | D:1      | Found a faded altar of an unknown god.
   543 | D:1      | Reached skill level 1 in Armour
   794 | D:1      | Reached XP level 3. HP: 31/31 MP: 2/2
  1621 | D:3      | Reached XP level 4. HP: 19/38 MP: 3/3
  2062 | D:3      | Reached skill level 5 in Ranged Weapons
  2721 | D:3      | Found an opulent altar of Gozag.
  2724 | D:3      | Found a glowing golden altar of the Shining One.
  2727 | D:3      | Found a snail-covered altar of Cheibriados.
  3040 | D:4      | Noticed a scorpion
  3045 | D:4      | Killed a scorpion
  3046 | D:4      | Reached XP level 5. HP: 30/46 MP: 4/4
  3238 | D:4      | Found Ecsahuc's Armour Shop.
  3250 | D:4      | Noticed Edmund
  3630 | D:4      | Reached XP level 6. HP: 53/53 MP: 5/5
  3703 | D:4      | Mangled by Edmund

Illustrated notes

Levels and vault maps discovered:
D:1:      reono_arrival_mine, layout_basic, shapermc_ecumenical_altar_ellora,
          glass_columns_a
D:2:      layout_rooms
D:3:      layout_loops_corners, nicolae_overflow_hidden_temple, minivault_27
D:4:      minmay_inner_zag, layout_loops_ring, serial_shops,
          nicolae_shop_statue_plus, uniq_edmund

Skill      XL: |  1  2  3  4  5  6 |
---------------+-------------------+-----
Stealth        | 1 |  1.0
Armour         | 1 2 3 |  3.4
Fighting       | 3 4 |  4.5
Dodging        | 3 4 |  4.0
Ranged Weapons | 5 |  5.6

Action                   |  1- 3 |  4- 6 || total
-------------------------+-------+-------++-------
Melee: Flail             |       |    10 ||    10
       Headbutt          |       |     1 ||     1
       Punch             |       |     1 ||     1
 Fire: Shortbow          |   105 |   119 ||   224
  Use: Scroll            |       |     8 ||     8
       Potion            |       |     4 ||     4
Armor: Leather armour    |    12 |       ||    12
       Ring mail         |       |    22 ||    22
       Skin              |       |    10 ||    10
Dodge: Dodged            |    27 |    38 ||    65
